 Dungeon Crawl Stone Soup version 0.29-a0-757-g358383bc75 (webtiles) character file.

Game seed: 10736616701774098315

315 avis the Chiller (level 5, -1/39 (45) HPs)
             Began as a Demigod Ice Elementalist on July 1, 2022.
             Slain by a wight
             ... wielding a +0 scimitar
              (2 damage)
             ... on level 3 of the Dungeon.
             The game lasted 00:12:04 (2618 turns).

avis the Chiller (Demigod Ice Elementalist)         Turns: 2618, Time: 00:12:04

HP:   -1/39 (45)    AC: 10    Str:  9    XL:     5   Next: 99%
MP:   11/12         EV: 12    Int: 17    God:
Gold: 83            SH:  0    Dex: 18    Spells: 6/10 levels left

rFire   . . .      SeeInvis .   a - +1 quarterstaff (speed)
rCold   . . .      Faith    .   (shield currently unavailable)
rNeg    . . .      Spirit   .   g - +0 robe
rPois   .          Reflect  .   (no helmet)
rElec   .          Harm     .   (no cloak)
rCorr   .          Rampage  .   h - +0 pair of gloves
Will    .....                   j - +0 pair of boots
Stlth   ++........              (no amulet)
HPRegen 0.13/turn               (no ring)
MPRegen 0.13/turn               (no ring)

@: ice-armoured, hasted, heavily drained, very quick
A: high MP 1, forlorn, divine attributes
a: no special abilities


You were on level 3 of the Dungeon.
You visited 1 branch of the dungeon, and saw 3 of its levels.

You collected 83 gold pieces.

Inventory:

Hand Weapons
 a - a +1 quarterstaff of speed (weapon)
 f - a +0 dagger
Armour
 g - a +0 robe (worn)
 h - a +0 pair of gloves (worn)
 i - a +0 buckler
 j - a +0 pair of boots (worn)
Wands
 o - a wand of digging (3)
Scrolls
 c - 3 scrolls of identify {unknown}
Potions
 b - a potion of magic
 d - 3 potions of haste
 e - 4 potions of curing {unknown}
 k - 2 potions of heal wounds {unknown}
 l - a potion of flight {unknown}
 m - a potion of attraction {unknown}
 n - 2 potions of cancellation {unknown}


   Skills:
 * Level 3.3 Fighting
 - Level 2.0 Dodging
 - Level 2.0 Stealth
 - Level 3.0 Spellcasting
 - Level 5.0 Ice Magic


You had 6 spell levels left.
You knew the following spells:

 Your Spells              Type           Power      Damage    Failure   Level
a - Freeze                Ice            76%        1d9       2%          1
o - Ozocubu's Armour      Ice            19%        N/A       7%          3

Your spell library contained the following spells:

 Spells                   Type           Power      Damage    Failure   Level
 Frozen Ramparts          Ice            38%        1d5       7%          3
 Apportation              Tloc           4%         N/A       17%         1
 Gell's Gravitas          Tloc           2%         N/A       45%         3
 Lesser Beckoning         Tloc           2%         N/A       45%         3
 Teleport Other           Tloc           2%         N/A       45%         3
 Hailstorm                Conj/Ice       11%        3d5       52%         4
 Alistair's Intoxication  Tmut/Pois      1%         N/A       99%         5


Dungeon Overview and Level Annotations

Branches:
Dungeon (3/15)


Innate Abilities, Weirdness & Mutations

You have an increased reservoir of magic. (+10% MP)
You shall have no god before yourself.
Your divine heritage dramatically boosts your attributes as you level up.


Message History

The wight is almost destroyed.
You hit the wight but do no damage.
The wight is almost destroyed.
The wight barely misses you. The wight misses you.
You hit the wight.
You destroy the wight!
Training target 2.0 for Stealth reached!
Your Stealth skill increases to level 2!
You need to enable at least one skill for training.
You barely miss the wight. The wight barely misses you.
You closely miss the wight. The wight completely misses you.
The wight hits you with a +0 scimitar!
You feel drained.
You hit the wight.
The wight is moderately damaged.
The wight misses you. x2
You hit the wight.
The wight is heavily damaged.
The wight barely misses you. x2
You hit the wight.
The wight is severely damaged.
The wight hits you with a +2 short sword.
You feel drained. The wight barely misses you.
You hit the wight.
The wight is severely damaged.
You hit the wight but do no damage.
The wight is severely damaged.
The wight hits you with a +2 short sword.
The wight misses you.
You hit the wight but do no damage.
The wight is severely damaged.
The wight hits you with a +2 short sword!
* * * LOW HITPOINT WARNING * * *
You feel drained.
* * * LOW HITPOINT WARNING * * *
The wight hits you with a +0 scimitar!
* * * LOW HITPOINT WARNING * * *
You feel drained.
It was a potion of haste.
You feel yourself speed up. The wight hits you with a +0 scimitar.
You die...

....##....#.#......#
#.#
....)..[...........#
#.#
###............#...#
#.#
#............#...#
#<#
#................#
###
#...........#....#
#########.#.#....#
##>#.#.####.###
.......$....@zz.....
#######.#.##z#######
#.#.##.# #.#.....
#.#...... ..# .....
### ...... ...!...


You could see 3 wights.

Vanquished Creatures
  Sigmund (D:3)
  A wight (D:3)
  Jessica (D:2)
  Terence (D:2)
  3 adders (D:2)
  A worm (D:2)
  A dart slug (D:3)
  5 ball pythons
  6 endoplasms
  4 giant cockroaches
  A goblin (D:1)
  4 hobgoblins
  3 jackals (D:2)
  A kobold (D:2)
  A quokka (D:2)
  3 bats
  4 frilled lizards
  5 rats
46 creatures vanquished.

Notes
Turn   | Place    | Note
-------+----------+-------------------------------------------
     0 | D:1      | avis the Demigod Ice Elementalist began the quest for the
                  | Orb.
     0 | D:1      | Reached XP level 1. HP: 14/14 MP: 5/5
   130 | D:1      | Reached skill level 1 in Fighting
   326 | D:1      | Reached XP level 2. HP: 23/23 MP: 5/7
   991 | D:2      | Reached skill level 4 in Ice Magic
  1037 | D:2      | Noticed Terence
  1178 | D:2      | Reached XP level 3. HP: 24/29 MP: 8/8
  1235 | D:2      | Learned a level 3 spell: Ozocubu's Armour
  1344 | D:2      | Noticed Jessica
  1354 | D:2      | Killed Jessica
  1527 | D:2      | Reached XP level 4. HP: 29/36 MP: 6/11
  2103 | D:2      | Killed Terence
  2327 | D:3      | Noticed Sigmund
  2341 | D:3      | Killed Sigmund
  2342 | D:3      | Reached skill level 5 in Ice Magic
  2342 | D:3      | Reached XP level 5. HP: 9/45 MP: 2/12
  2617 | D:3      | HP: 1/40 [wight/+0 scimitar (8)]
  2618 | D:3      | Slain by a wight

Illustrated notes

Levels and vault maps discovered:
D:1:      evilmike_arrival_plus, layout_basic
D:2:      layout_loops_ring, nicolae_ecumenical_snake_handling, uniq_terence,
          uniq_jessica
D:3:      layout_basic, uniq_sigmund, uniq_grinder

Skill      XL: |  1  2  3  4  5 |
---------------+----------------+-----
Fighting       | 1 2 3 |  3.3
Spellcasting   | 2 3 |  3.0
Ice Magic      | 4 5 |  5.0
Dodging        | 2 |  2.0
Stealth        | 2 |  2.0

Action                   |  1- 3 |  4- 6 || total
-------------------------+-------+-------++-------
Melee: Quarterstaff      |    59 |    40 ||    99
 Cast: Freeze            |    23 |    10 ||    33
       Ozocubu's Armour  |       |     3 ||     3
  Use: Potion            |       |     1 ||     1
 Stab: Sleeping          |     5 |     4 ||     9
Armor: Robe              |    15 |    12 ||    27
Dodge: Dodged            |    27 |    25 ||    52

Table legend: (Time is in decaauts)
 A = Elapsed time spent in this place.
 B = Non-inter-level travel time spent in this place.
 C = Inter-level travel time spent in this place.
 D = Time resting spent in this place.
 E = Time spent auto-exploring this place.
 F = Levels seen in this place.
 G = Mean time per level.
                   A        B        C        D        E       F      G
               +--------+--------+--------+--------+--------+-----+--------+
         Total |   2604 |   2313 |    291 |    614 |   1204 |   3 |  868.0 |
       Dungeon |   2604 |   2313 |    291 |    614 |   1204 |   3 |  868.0 |
               +--------+--------+--------+--------+--------+-----+--------+

Top non-repeatable levels by time:
     D:2: 1276 daAuts
     D:1: 991 daAuts
     D:3: 336 daAuts
